AoeStats
← yanghero

Arena

510518267Analyzed
1v1 RM · 1d ago on Oct 1, 2026· 81m 39s· 2 players
Game mode
Random Map
Map size
Tiny (2 player)
Population
200
Speed
Normal
Resources
Standard
Victory
Conquest
Starting age
Dark Age
Ending age
Imperial Age
RankedLock teamsTeams togetherTeam positionsShared explorationLock speedFull tech treeHidden civsTurbo modeCheats
Victory
Defeat
🇹🇼 Britons · Taiwan
799
+18
🇹🇷 Bohemians · Türkiye
843
-18
yanghero
10:29 Feudal Age
16:26 Castle Age
14:32 Double-Bit Axe
14:41 Horse Collar
15:22 Stone Mining
17:26 Bow Saw
17:21 Heavy Plow
18:29 Gold Mining
19:55 Gold Shaft Mining
24:18 Padded Archer Armor
26:23 Crossbowman
27:21 Leather Archer Armor
30:01 Imperial Age
27:52 Fletching
28:38 Elite Skirmisher
29:22 Treadmill Crane
31:52 Hoardings
32:03 Wheelbarrow
32:32 Two-Man Saw
31:24 Arbalester
32:36 Ring Archer Armor
32:41 Conscription
32:17 Pikeman
32:57 Squires
33:13 Bodkin Arrow
33:43 Ballistics
33:52 Gambesons
34:31 Hand Cart
34:19 Scale Mail Armor
34:59 Forging
36:01 Chemistry
35:58 Bracer
36:02 Halberdier
37:02 Chain Mail Armor
38:20 Iron Casting
38:15 Plate Mail Armor
37:53 Warwolf
38:15 Yeomen
39:01 Elite Longbowman
41:00 Blast Furnace
40:08 Siege Engineers
41:31 Masonry
41:47 Heavy Scorpion
47:26 Scale Barding Armor
56:57 Arson
57:47 Architecture
59:58 Light Cavalry
61:26 Fortified Wall
65:06 Husbandry
68:43 Chain Barding Armor
68:37 Cavalier
70:20 Capped Ram
prefs
0:28 Loom
10:58 Feudal Age
16:25 Castle Age
14:45 Double-Bit Axe
16:27 Scale Mail Armor
17:51 Wheelbarrow
17:06 Man-at-Arms
32:13 Imperial Age
29:18 Long Swordsman
30:32 Bow Saw
30:51 Horse Collar
32:32 Chain Mail Armor
33:42 Chemistry
33:05 Ballistics
32:32 Two-Handed Swordsman
34:37 Plate Mail Armor
34:08 Padded Archer Armor
35:42 Hand Cart
36:32 Wagenburg Tactics
37:39 Capped Ram
38:43 Champion
39:07 Elite Hussite Wagon
39:16 Houfnice
39:26 Light Cavalry
41:14 Hussite Reforms
44:36 Husbandry
46:23 Leather Archer Armor
46:14 Scale Barding Armor
46:55 Squires
49:43 Sappers
52:59 Fletching
53:21 Forging
56:06 Elite Skirmisher
56:38 Pikeman
57:41 Halberdier
59:34 Heavy Plow
60:42 Two-Man Saw
68:00 Cavalier
69:22 Arson
69:50 Onager
80:21 Bodkin Arrow
Connection lost

Rejoining the realm…

Still unreachable

The connection could not be restored.

Session expired

The server has moved on; the page needs a fresh start.